 Dungeon Crawl Stone Soup version 0.27.0-1-g7a089689b8 (webtiles) character file.

Game seed: 2797346077376449565

84 MajorAdolf the Sneak (level 4, -4/58 HPs)
             Began as a Naga Wanderer on Aug 4, 2021.
             Killed from afar by Sigmund (6 damage)
             ... with a puff of flame
             ... on level 3 of the Dungeon.
             The game lasted 00:04:55 (3202 turns).

MajorAdolf the Sneak (Naga Wanderer)                Turns: 3202, Time: 00:04:56

Health: -4/58      AC: 22    Str: 17    XL:     4   Next: 46%
Magic:  5/5        EV:  1    Int: 18    God:
Gold:   98         SH:  0    Dex:  9    Spells: 2/5 levels left

rFire    . . .     SeeInvis +   n - +3 hand axe
rCold    . . .     Faith    .   (no shield)
rNeg     + + +     Spirit   .   (armour currently unavailable)
rPois    +         Reflect  .   (helmet currently unavailable)
rElec    .         Harm     .   (cloak currently unavailable)
rCorr    .         Rampage  .   (gloves currently unavailable)
Will     .....     NoTele   +   (no barding)
Stlth    +++.......             (no amulet)
HPRegen  0.19/turn              e - +6 ring of intelligence
MPRegen  0.09/turn              (no ring)

@: tree-form (expiring)
A: stationary, stasis, torment immunity, boosted hp, AC +1, large, see
invisible, (deformed body), (poison resistance), (slowness 2), spit poison 1,
(naga tail 1)
a: Spit Poison


You were on level 3 of the Dungeon.
You were a tree.
You visited 1 branch of the dungeon, and saw 3 of its levels.

You collected 98 gold pieces.

Inventory:

Hand Weapons
 n - a +3 hand axe (weapon)
Armour
 d - a +0 robe (melded)
 l - a +0 tower shield
Jewellery
 e - a +6 ring of intelligence (left branch)
Scrolls
 c - 3 scrolls of teleportation
 f - a scroll of silence {unknown}
 g - a scroll of amnesia {unknown}
 h - 3 scrolls of identify {unknown}
 k - a scroll of holy word {unknown}
 m - a scroll of immolation {unknown}
Potions
 i - 2 potions of attraction {unknown}
 j - a potion of curing {unknown}


   Skills:
 - Level 2.0 Fighting
 - Level 2.0(2.1) Axes
 - Level 1.0(1.6) Maces & Flails
 - Level 1.0 Throwing
 - Level 2.4 Armour
 + Level 5.0 Stealth
 + Level 1.0 Spellcasting
 + Level 1.2 Conjurations
 + Level 1.2 Earth Magic


You had 2 spell levels left.
You knew the following spells:

 Your Spells              Type           Power      Damage    Failure   Level
a - Stone Arrow           Conj/Erth      10%        3d7       34%         3

Your spell library contained the following spells:

 Spells                   Type           Power      Damage    Failure   Level
 Animate Armour           Summ/Erth      6%         N/A       83%         4
 Lehudib's Crystal Spear  Conj/Erth      2%         10d2      100%        8


Dungeon Overview and Level Annotations

Branches:
Dungeon (3/15)

Altars:

Shops:
D:3 *

Annotations:
D:3 exclusions: orc and orc priest, Sigmund


Innate Abilities, Weirdness & Mutations

You are a tree.
Your roots penetrate the ground, keeping you stationary.
You cannot be teleported.
You are immune to unholy pain and torment.
Your maximum health is greatly increased.
Your equipment is partially melded.
((Your serpentine skin is tough. (AC +1)))
You have supernaturally acute eyesight. (SInv)
((Armour fits poorly on your strangely shaped body.))
((Your system is resistant to poisons. (rPois)))
((You cover ground very slowly.))
You can spit poison.
((You have a snake-like lower body.))


Message History

You miss Sigmund.
Sigmund is moderately wounded.
Sigmund hits you but does no damage. x2
You nearly hit yourself!
Sigmund hits you but does no damage.
Okay, then.
You barely miss Sigmund.
Sigmund is moderately wounded.
You feel less confused. Sigmund gestures at you while chanting.
You are confused.
There's something in the way.
There's something in the way.
You hit Sigmund.
Sigmund is heavily wounded.
Sigmund zaps a wand.
The puff of flame hits you.
* * * LOW HITPOINT WARNING * * *
You barely miss Sigmund.
Sigmund is heavily wounded.
Sigmund zaps a wand.
The puff of flame hits you.
* * * LOW HITPOINT WARNING * * *
You barely miss Sigmund.
Sigmund is heavily wounded.
Sigmund hits you but does no damage.
You closely miss Sigmund.
Sigmund is heavily wounded.
Sigmund zaps a wand.
The puff of flame hits you.
* * * LOW HITPOINT WARNING * * *
Sigmund hits you but does no damage.
There's something in the way.
There's something in the way.
There's something in the way.
You hit Sigmund.
Sigmund is heavily wounded.
You feel less confused. Sigmund hits you but does no damage.
You hit Sigmund but do no damage.
Sigmund is heavily wounded.
Your transformation is almost over.
Sigmund zaps a wand.
The puff of flame hits you.
You die...

###...###.###.## #.#
##.......##.#.## #.#
.........###.########.###
##.......###............#
###...##.............#.#
#......#############.#
######### #.#
#<..#########.#
#..@♣.......#
#...########### ## ###
... ###


You could see Sigmund.

Vanquished Creatures
  An adder (D:2)
  A worm (D:3)
  A dart slug (D:1)
  2 orcs (D:3)
  8 ball pythons
  5 endoplasms
  3 giant cockroaches (D:2)
  9 goblins
  8 hobgoblins
  4 jackals (D:1)
  2 quokkas
  3 bats
  8 frilled lizards
  5 kobolds
  3 rats
63 creatures vanquished.

Notes
Turn   | Place    | Note
-------+----------+-------------------------------------------
     0 | D:1      | MajorAdolf the Naga Wanderer began the quest for the Orb.
     0 | D:1      | MajorAdolf set off with the following items: a +2 hand axe,
                  | a potion of lignification, a scroll of teleportation, a +0
                  | robe
     0 | D:1      | Reached XP level 1. HP: 19/19 MP: 1/1
    77 | D:1      | Reached skill level 2 in Stealth
   239 | D:1      | Reached skill level 3 in Stealth
   239 | D:1      | Reached XP level 2. HP: 23/26 MP: 2/2
   366 | D:1      | Reached skill level 4 in Stealth
   812 | D:1      | Reached XP level 3. HP: 21/32 MP: 3/3
  1112 | D:1      | Found a faded altar of an unknown god.
  2139 | D:2      | Reached skill level 1 in Conjurations
  2139 | D:2      | Reached XP level 4. HP: 38/39 MP: 5/5
  2143 | D:2      | Learned a level 3 spell: Stone Arrow
  2231 | D:2      | Reached skill level 1 in Earth Magic
  2304 | D:3      | Found Nuoc Pol's General Store.
  2486 | D:3      | Reached skill level 1 in Spellcasting
  2520 | D:3      | Reached skill level 5 in Stealth
  3172 | D:3      | Noticed Sigmund
  3200 | D:3      | HP: 2/58 [Sigmund/puff of flame (5)]
  3202 | D:3      | Killed from afar by Sigmund

Illustrated notes

Levels and vault maps discovered:
D:1:      sevenhm_arrival_forest_fort_large_2, layout_basic,
          ebering_ecumenical_altar_rust
D:2:      layout_basic, minmay_tiny_reverse_x
D:3:      layout_loops_ring, nzn_hepliaklqana_mist_gate, serial_shops, shop,
          minmay_goblin_outpost, uniq_sigmund

Skill      XL: |  1  2  3  4 |
---------------+-------------+-----
Stealth        | 3 4 5 |  5.0
Conjurations   | 1 |  1.2
Earth Magic    | 1 |  1.2
Spellcasting   | 1 |  1.0
Fighting       | |  2.0
Axes           | |  2.0
Maces & Flails | |  1.0
Throwing       | |  1.0
Armour         | |  2.4

Action                   |  1- 3 |  4- 6 || total
-------------------------+-------+-------++-------
Melee: Hand axe          |    96 |    61 ||   157
 Abil: Spit Poison       |     8 |     4 ||    12
  Use: Potion            |       |     1 ||     1
 Stab: Sleeping          |     5 |     3 ||     8
Armor: Robe              |    26 |     3 ||    29
       Skin              |       |    17 ||    17
Dodge: Dodged            |    61 |    22 ||    83
